 Dungeon Crawl Stone Soup version 0.31-a0-229-g1fc7ce93e2 (webtiles) character file.

Game seed: 2213425265290306017

155 qw the Shooter (level 5, 0/42 HPs)
             Began as a Minotaur Hexslinger on July 6, 2023.
             Slain by a gnoll
             ... wielding a +0 halberd
              (11 damage)
             ... on level 4 of the Dungeon.
             The game lasted 00:00:55 (2501 turns).

qw the Shooter (Minotaur Hexslinger)                Turns: 2501, Time: 00:00:55

Health: 0/42       AC:  6    Str: 12    XL:     5   Next: 14%
Magic:  5/5        EV: 11    Int: 10    God:
Gold:   65         SH:  0    Dex: 15    Spells: 5/6 levels left

rFire   . . .        Y - +2 sling (flame)
rCold   . . .        (no shield)
rNeg    . . .        a - +0 ring mail
rPois   .            (helmet restricted)
rElec   .            k - +0 cloak {Will+}
rCorr   .            (no gloves)
SInv    .            (no boots)
Will    +....        (no amulet)
Stlth   +            (no ring)
HPRegen 0.27/turn    (no ring)
MPRegen 0.09/turn

%: no passive effects
@: no status effects
A: horns 2, retaliatory headbutt
a: no special abilities


You were on level 4 of the Dungeon.
You visited 1 branch of the dungeon, and saw 4 of its levels.

You collected 180 gold pieces.
You spent 115 gold pieces at shops.


Innate Abilities, Weirdness & Mutations

You have a pair of horns on your head.
You reflexively headbutt those who attack you in melee.


   Skills:
 + Level 2.7 Fighting
 - Level 5.3 Ranged Weapons
 - Level 1.0 Armour
 - Level 2.1 Dodging
 - Level 1.0 Spellcasting
 - Level 2.0 Hexes


You had 5 spell levels left.
You knew the following spells:

 Your Spells              Type           Power      Damage    Failure   Level
a - Slow                  Hex            16%        N/A       34%         1

Your spell library contained the following spells:

 Spells                   Type           Power      Damage    Failure   Level
 Inner Flame              Hex/Fire       2%         N/A       83%         3
 Portal Projectile        Hex/Tloc       4%         N/A       83%         3
 Cause Fear               Hex            2%         N/A       98%         4

Inventory:

Hand Weapons
 Y - a +2 sling of flaming (weapon)
Armour
 a - a +0 ring mail (worn)
 d - a +1 cloak
 h - a +0 pair of gloves
 k - a +0 cloak of willpower (worn)
Scrolls
 c - a scroll of identify
 f - 2 scrolls of teleportation
Potions
 b - a potion of haste
 e - a potion of mutation {unknown}
 g - a potion of heal wounds {unknown}
 i - a potion of might {unknown}
 j - 2 potions of enlightenment
 m - a potion of attraction {unknown}

Dungeon Overview and Level Annotations

Branches:
Dungeon (4/15)
 Temple: D:4-7

Altars:

Shops:
D:1 !   D:3 [


Message History

You shoot a sling bullet.
The sling bullet barely misses the gnoll.
A gnoll comes into view. It is wielding a +0 whip.
You shoot a sling bullet. The gnoll shouts!
The sling bullet hits the gnoll.
The sling bullet burns the gnoll.
The gnoll is heavily wounded.
You shoot a sling bullet. The sling bullet hits the gnoll.
The sling bullet burns the gnoll.
You kill the gnoll!
You shoot a sling bullet. The sling bullet hits the gnoll.
The sling bullet burns the gnoll.
The gnoll is moderately wounded.
The gnoll closely misses you.
You shoot a sling bullet.
The sling bullet barely misses the gnoll.
A gnoll comes into view. It is wielding a +0 club.
A ball python comes into view.
The gnoll hits you from afar with a +0 halberd.
You shoot a sling bullet. The ball python hisses angrily.
The sling bullet hits the gnoll but does no damage.
The gnoll is moderately wounded.
The gnoll barely misses you.
You shoot a sling bullet. The sling bullet hits the gnoll.
The sling bullet burns the gnoll.
The gnoll is lightly wounded.
The gnoll hits you from afar with a +0 halberd!
The gnoll hits you with a +0 whip.
You shoot a sling bullet.
The sling bullet closely misses the gnoll.
The sling bullet closely misses the ball python.
The gnoll hits you from afar with a +0 halberd!
The gnoll barely misses you. You furiously retaliate!
You headbutt the gnoll. You shoot a sling bullet.
The sling bullet hits the gnoll but does no damage.
The gnoll is moderately wounded.
The gnoll barely misses you. The gnoll hits you with a +0 whip.
The gnoll hits you from afar with a +0 halberd!
You die...

##........ #.........
#.........
##...>.....
###..........
##............
##...........[.
...####..............
#....@.............
##...g............
#..gS.........###
#..........####
#...)g...###
#.......## #.......#
#......##


You could see 3 gnolls and a ball python.

Vanquished Creatures
  Jessica (D:3)
  5 gnolls
  2 adders (D:3)
  2 dart slugs
  A worm (D:3)
  An orc (D:3)
  8 ball pythons
  An endoplasm (D:2)
  2 giant cockroaches
  6 goblins
  5 hobgoblins
  A jackal (D:1)
  3 bats
  7 frilled lizards
  11 kobolds
  2 rats
58 creatures vanquished.

Notes
Turn   | Place    | Note
-------+----------+-------------------------------------------
     0 | D:1      | qw the Minotaur Hexslinger began the quest for the Orb.
     0 | D:1      | Reached XP level 1. HP: 16/16 MP: 1/1
     0 | D:1      | 0 ||| qw: Version: 0.3-a-46-gb1f654a
     0 | D:1      | 0 ||| qw: Game counter: 1109
     0 | D:1      | 0 ||| qw: Melee chars always use a shield: true
     0 | D:1      | 0 ||| qw: God list: Okawaru
     0 | D:1      | 0 ||| qw: Allow faded altars: false
     0 | D:1      | 0 ||| qw: Do Orc after clearing Dungeon:15 true
     0 | D:1      | 0 ||| qw: Do second Lair branch before Depths: true
     0 | D:1      | 0 ||| qw: Lair rune preference: random
     0 | D:1      | 0 ||| qw: Goals: Normal
     0 | D:1      | 0 ||| PLANNING D:1-11
   132 | D:1      | Reached skill level 3 in Ranged Weapons
   148 | D:1      | Found Guecker's Distillery.
   157 | D:1      | 157 ||| SHOPLISTING 2 potions of heal wounds (110 gold,
                  | have 23).
   157 | D:1      | 157 ||| SHOPLISTING potion of cancellation (88 gold, have
                  | 23).
   157 | D:1      | 157 ||| SHOPLISTING potion of curing (33 gold, have 23).
   157 | D:1      | 157 ||| SHOPLISTING potion of haste (110 gold, have 23).
   157 | D:1      | 157 ||| SHOPLISTING potion of heal wounds (55 gold, have
                  | 23).
   157 | D:1      | 157 ||| SHOPLISTING potion of mutation (88 gold, have 23).
   163 | D:1      | Reached XP level 2. HP: 23/23 MP: 2/2
   233 | D:1      | Found a faded altar of an unknown god.
   644 | D:1      | 644 ||| UPGRADING to +0 cloak.
   649 | D:1      | 649 ||| UPGRADING to +0 leather armour.
   659 | D:1      | 659 ||| DROPPING +0 robe.
   660 | D:1      | 660 ||| READING scroll labelled SICHAPREILL.
   661 | D:1      | 661 ||| READING 2 scrolls labelled RUJONO LOOFENG.
   665 | D:1      | 665 ||| READING scroll labelled YFIELU NASHAMON.
   666 | D:1      | 666 ||| READING scroll labelled ZUPPIP LOEPEFFY.
   667 | D:1      | 667 ||| DRINKING 2 fizzy brown potions.
   668 | D:1      | 668 ||| DROPPING scroll of poison.
   754 | D:2      | 754 ||| Stepping ~*~*~tactically~*~*~ (outnumbered).
   769 | D:2      | Reached XP level 3. HP: 23/29 MP: 3/3
   779 | D:2      | 779 ||| FLEEEEING.
   786 | D:2      | Reached skill level 4 in Ranged Weapons
   982 | D:2      | Reached XP level 4. HP: 36/36 MP: 4/4
  1667 | D:2      | 1667 ||| UPGRADING to +0 ring mail.
  1677 | D:2      | 1677 ||| DROPPING +0 leather armour.
  1678 | D:2      | 1678 ||| READING scroll labelled TADOMAACZUDEPI.
  1679 | D:2      | 1679 ||| READING scroll labelled HUMEPUY KEAD.
  1680 | D:2      | 1680 ||| READING scroll labelled KUOZ TOAFOLUAS.
  1681 | D:2      | 1681 ||| DRINKING 2 clear potions.
  1894 | D:3      | Reached skill level 1 in Armour
  1944 | D:3      | Noticed Jessica
  1952 | D:3      | Killed Jessica
  1953 | D:3      | Reached skill level 5 in Ranged Weapons
  2132 | D:3      | Reached XP level 5. HP: 41/41 MP: 5/5
  2179 | D:3      | 2179 ||| READING scroll of enchant armour.
  2179 | D:3      | 2179 ||| ENCHANTING +0 cloak.
  2232 | D:3      | Found Nouz's Armour Shop.
  2240 | D:3      | 2240 ||| BUYING +0 cloak of willpower (115 gold).
  2240 | D:3      | Bought a +0 cloak of willpower for 115 gold pieces
  2240 | D:3      | 2240 ||| SHOPLISTING +0 ring mail of willpower (110 gold,
                  | have 65).
  2240 | D:3      | 2240 ||| SHOPLISTING +1 robe of cold resistance (127 gold,
                  | have 65).
  2240 | D:3      | 2240 ||| SHOPLISTING +2 cloak of the King of the Hill
                  | {Str+3} (278 gold, have 65).
  2240 | D:3      | 2240 ||| SHOPLISTING +4 ring mail of fire resistance (310
                  | gold, have 65).
  2455 | D:3      | 2455 ||| UPGRADING to +0 cloak of willpower.
  2465 | D:3      | 2465 ||| READING scroll labelled ITOAFO SIEG.
  2501 | D:4      | Slain by a gnoll

Levels and vault maps discovered:
D:1:      dpeg_arrival_brainrot, layout_basic,
          hellmonk_ecumenical_altar_inner_sanctum, serial_shops,
          nicolae_shop_just_a_little_nook
D:2:      layout_basic, minmay_goblin_kobold_house
D:3:      layout_loops_ring, serial_shops,
          nicolae_shop_competitors_out_of_business, uniq_jessica
D:4:      layout_cave_pods, minmay_strange_pillars, kennysheep_generic_room_16

Skill      XL: |  1  2  3  4 |
---------------+-------------+-----
Ranged Weapons | 3 4 5 |  5.3
Fighting       | 2 |  2.7
Armour         | 1 |  1.0
Dodging        | |  2.1
Spellcasting   | |  1.0
Hexes          | |  2.0

Action                     |  1- 3 |  4- 6 || total
---------------------------+-------+-------++-------
   Fire: Sling             |    94 |    99 ||   193
    Use: Scroll            |     4 |     5 ||     9
         Potion            |     1 |     1 ||     2
 Armour: Robe              |     2 |       ||     2
         Leather armour    |       |     9 ||     9
         Ring mail         |       |     4 ||     4
  Dodge: Dodged            |    23 |    32 ||    55

Table legend:
 A = Non-vault XP
 B = Vault XP
 C = Vault XP percentage of total XP
 D = Non-vault monster count
 E = Vault monster count
 F = Vault count percentage of total count
                 A         B        C        D         E       F
            +---------+---------+-------+---------+---------+-------
      Total |     174 |      48 |  21.6 |      50 |       8 |  13.8
            +---------+---------+-------+---------+---------+-------
        D:1 |      22 |       2 |   8.3 |      14 |       1 |   6.7
        D:2 |      82 |       9 |   9.9 |      18 |       6 |  25.0
        D:3 |      56 |      37 |  39.8 |      17 |       1 |   5.6
        D:4 |      14 |       0 |   0.0 |       1 |       0 |   0.0
            +---------+---------+-------+---------+---------+-------
